[Event "Superbet Blitz Poland 2023"]
[Site "Warsaw"]
[Date "2023.05.25"]
[Round "15"]
[White "Giri, Anish"]
[Black "Wojtaszek, Radoslaw"]
[Result "1/2-1/2"]
[ECO "D30"]
[WhiteElo "2768"]
[BlackElo "2670"]
[Annotator "TA"]
[PlyCount "159"]
[EventDate "2023.05.24"]
[EventType "tourn"]
[EventCountry "POL"]
[SourceTitle "playchess.com"]
[Source "ChessBase"]
[SourceQuality "1"]
[TimeControl "300+2"]

1. c4 Nf6 2. Nf3 e6 3. g3 d5 4. Bg2 dxc4 5. Qa4+ c6 6. Qxc4 b5 7. Qb3 Bb7 8. O-O Be7 9. d4 O-O 10. Nc3 a6 {[%emt 0:00:15] D30: Queen's Gambit Declined: Systems without Nc3.} 11. Rd1 Nbd7 12. Ne5 Rc8 {[%emt 0:00:07] [#] White has an edge.} 13. Nxd7 $146 ({Predecessor:} 13. Bf4 Qb6 14. Rac1 Rfd8 15. Nxd7 Nxd7 16. Be3 Qa5 17. Ne4 Nf6 18. Bg5 Qb6 19. Nc5 Rxd4 20. Rxd4 Bxc5 {1-0 Seresin,F (2258)-Varriale,L (2226) ITA-ch U20 78th 2018 (4)}) 13... Nxd7 14. Bf4 Qb6 15. a4 Rfd8 16. Be3 Qc7 17. Rac1 Qb8 {[%emt 0:00:11] [#]} 18. Ne4 $1 Qa8 19. Nc5 {[%emt 0:00:15] White is much more active.} Nxc5 20. dxc5 Rxd1+ 21. Rxd1 Rd8 22. Qc2 Rxd1+ 23. Qxd1 Qd8 {[%emt 0:00:01] Dodges Qd7} 24. Qxd8+ Bxd8 25. axb5 axb5 $14 {[%emt 0:00:01][%mdl 4096] Endgame KBB-KBB} 26. b4 Bf6 27. Bd2 {[%emt 0:00:01] Dodges Bc3} Kf8 28. f4 Ke7 29. g4 g6 30. Kf2 Kd7 31. Ke3 Bc8 ({Black should play} 31... e5 $14) 32. Kd3 (32. g5 $16 Ba1 33. Kd3) 32... Kc7 ({Black should try} 32... Bh4 $14) 33. g5 $16 Be7 34. Bc3 Bd7 35. Be5+ Kd8 36. Kd4 {[%emt 0:00:04] Threatens to win with Bf6.} Ke8 $2 (36... Bf8 37. Bf6+ Kc7) 37. Bg7 (37. Bf6 $142 Bd8 38. Bxd8 Kxd8 39. Ke5) 37... Bd8 $18 38. Bf6 {[%emt 0:00:08] aiming for Bxd8.} Bc7 39. Be5 Bd8 40. Bf6 {[%emt 0:00:03] And now Bxd8 would win.} Bc7 41. e3 Kf8 42. h4 Ke8 43. Bf3 Kf8 44. h5 Ke8 45. h6 Kf8 46. Be5 Bd8 47. Bg7+ Ke8 48. Bf6 {[%emt 0:00:04] Bxd8 would be deadly.} Bc7 49. Be2 Bc8 50. Bd3 Bd7 51. Bc2 Bc8 52. Bb1 Bd7 53. Be4 Kf8 54. Bg2 Ke8 55. Be5 Bd8 56. e4 ({Better is} 56. Bg7 $18) 56... Bc8 $16 57. Bg7 Bc7 58. Be5 Bd8 59. Bf3 Bd7 60. Bd1 Bc8 61. Bc2 Bd7 62. Bd3 Bc8 63. Bb1 Bd7 64. Ba2 Bc8 65. Bb3 Bd7 66. Bd1 Bc8 $1 67. Bf3 Bd7 $1 68. Ke3 Bc8 69. Kd3 Bd7 70. Kd4 Bc8 71. Bf6 {[%emt 0:00:01] Black must now prevent Bxd8.} Bc7 {[%emt 0:00:00] [#]} 72. f5 Bf4 {[%emt 0:00:12] The position is equal.} 73. e5 Bd7 74. fxg6 fxg6 75. Kc3 {[%emt 0:00:02] Against Bd2+} Kf7 76. Be4 Bg3 77. Kb3 Be1 78. Bd3 Be8 79. Be4 Bd7 80. Bd3 {[%emt 0:00:02] Blacks defense is rewarded with a draw.   Weighted Error Value: White=0.16 (very precise) /Black=0.11 (very precise)} 1/2-1/2

[Event "Superbet Blitz Poland 2023"]
[Site "Warsaw"]
[Date "2023.05.25"]
[Round "15"]
[White "Aronian, Levon"]
[Black "Deac, Bogdan-Daniel"]
[Result "1-0"]
[ECO "D02"]
[WhiteElo "2745"]
[BlackElo "2700"]
[Annotator "TA"]
[PlyCount "81"]
[EventDate "2023.05.24"]
[EventType "tourn"]
[EventCountry "POL"]
[SourceTitle "playchess.com"]
[Source "ChessBase"]
[SourceQuality "1"]
[TimeControl "300+2"]

1. d4 Nf6 2. Bf4 d5 3. e3 c5 4. Nf3 Nc6 5. Nbd2 Nh5 6. dxc5 {[%emt 0:00:02] D02: 1 d4 d5 2 Nf3 sidelines, including 2...Nf6 3 g3 and 2...Nf6 3 Bf4.} Nxf4 7. exf4 Qa5 8. c4 {[%emt 0:00:10] The position is equal.} e6 9. a3 Qxc5 (9... Bxc5 $2 10. b4 Bxb4 11. axb4 Qxb4 12. Bd3 $18) 10. b4 Qd6 11. g3 g6 12. Bg2 Bg7 13. Rb1 O-O 14. O-O {[%emt 0:00:02] [#]} Rd8 $146 ({Predecessor:} 14... b6 15. cxd5 exd5 16. Nc4 Qd8 17. Nce5 Bb7 18. Nxc6 Bxc6 19. Ne5 Bb7 20. Qd4 Re8 {½-½ Grischuk,A (2742)-Vokhidov,S (2536) Titled Tuesday intern op 17th May Early blitz 2022 (9)}) 15. Qe2 a5 16. b5 Ne7 17. a4 b6 18. Ne5 Bb7 19. Rfd1 Rac8 ({Black should try} 19... Qc7 $14) 20. Ne4 $16 {[%emt 0:00:12][%mdl 64] Pin} Qc7 {[%emt 0:01:54] [#]} 21. Nxf7 $1 {[%emt 0:00:02][%mdl 576] Decoy. White has more active pieces.} dxe4 (21... Kxf7 $2 22. Ng5+ Ke8 23. Qxe6 $18) 22. Nxd8 Rxd8 23. Rxd8+ Qxd8 24. Bxe4 Bxe4 25. Qxe4 Qd6 {[%emt 0:00:05] [#]} 26. c5 $1 {[%emt 0:00:39][%mdl 64] Deflection} Qxc5 27. Qxe6+ Kf8 28. Rd1 (28. Re1 $16) 28... Bd4 $11 29. Kg2 {[%emt 0:00:05] Qe4 is the strong threat.} Qc3 30. Qe4 (30. Qe1 {simplifies} Qxe1 31. Rxe1 Bc5 32. Kf3) 30... Bc5 31. Rd8+ Kf7 $1 32. f5 gxf5 33. Qh4 {[%emt 0:00:01] Really sharp!} Qg7 34. Qc4+ Kg6 35. h4 Qf6 (35... Qe5 {with more complications.} 36. Rd7 Qe1 37. Qf4 Qe6) 36. Qf4 Kf7 37. h5 h6 38. Rd3 Qe6 39. Rf3 Kg7 40. g4 fxg4 $2 (40... Qd6 $11) 41. Qf8+ {[%emt 0:00:03] Weighted Error Value: White=0.06 (flawless) /Black=0.07 (flawless)} 1-0

[Event "Superbet Blitz Poland 2023"]
[Site "Warsaw"]
[Date "2023.05.25"]
[Round "15"]
[White "Rapport, Richard"]
[Black "Carlsen, Magnus"]
[Result "0-1"]
[ECO "A45"]
[WhiteElo "2745"]
[BlackElo "2853"]
[Annotator "TA"]
[PlyCount "40"]
[EventDate "2023.05.24"]
[EventType "tourn"]
[EventCountry "POL"]
[SourceTitle "playchess.com"]
[Source "ChessBase"]
[SourceQuality "1"]
[TimeControl "300+2"]

1. d4 Nf6 2. Bg5 e6 3. Nd2 h6 4. Bh4 c5 5. e3 cxd4 6. exd4 {[%emt 0:00:01] A45: Trompowsky Attack.} Be7 7. c3 b6 8. Bd3 {[%emt 0:00:14] The position is equal.} Ba6 9. Qf3 d5 10. Bc2 Nc6 {[%emt 0:00:09] [#]} 11. Ne2 $146 ({Predecessor:} 11. Bxf6 Bxf6 12. Qe3 Rc8 13. Nb3 O-O 14. f4 g5 15. Nf3 gxf4 16. Qxf4 Bg5 17. Qg3 {1-0 Stefanova,A (2497)-Alexandrova,O (2406) EU-Cup (Women) 07th 2002 (1.2)}) 11... Ne4 {[%emt 0:00:21] [#] And now ...Nxd2 would win.} 12. Bxe7 Nxd2 $1 13. Qxf7+ Kxf7 14. Bxd8 {[%emt 0:00:01] A strong pair of Bishops.} Nc4 15. Bc7 {[%emt 0:00:15] Threatens to win with Bd3.} Nxb2 {[%emt 0:00:08] Hoping for ...Rhc8.} 16. h4 $2 {[%emt 0:00:09] Now White is beyond hope.} (16. Bg3 $11 {and White stays safe.}) 16... Rac8 17. Rb1 Nc4 18. Bf4 $2 (18. Be5) 18... Na3 $1 $19 19. Rb2 Nxc2+ (19... Bxe2 $142 20. Kxe2 Nxc2 21. Rxc2 Nxd4+ {[%mdl 64] Pin, Double Attack} 22. Kd3 Nxc2 23. Kxc2 Rc4) 20. Rxc2 {[%emt 0:00:03] [#]} Nb4 $1 {[%emt 0:00:01][%mdl 576] Pin.   Weighted Error Value: White=0.43/Black=0.23 (precise)} 0-1

[Event "Superbet Blitz Poland 2023"]
[Site "Warsaw"]
[Date "2023.05.25"]
[Round "15"]
[White "Vachier-Lagrave, Maxime"]
[Black "Shevchenko, Kirill"]
[Result "0-1"]
[ECO "B31"]
[WhiteElo "2742"]
[BlackElo "2684"]
[Annotator "TA"]
[PlyCount "86"]
[EventDate "2023.05.24"]
[EventType "tourn"]
[EventCountry "POL"]
[SourceTitle "playchess.com"]
[Source "ChessBase"]
[SourceQuality "1"]
[TimeControl "300+2"]

1. e4 c5 2. Nf3 Nc6 3. Bb5 g6 4. O-O Bg7 5. c3 Nf6 6. Qe2 {[%emt 0:00:02] B31: Sicilian: 2...Nc6 3 Bb5 g6.} e5 $5 {[%emt 0:00:21][%mdl 4] Leaves trodden paths.} 7. Bxc6 bxc6 8. Nxe5 {[%emt 0:00:01] The position is equal.} O-O 9. d3 (9. d4 {seems wilder.} Re8 10. Bg5 d5 11. Nd2) 9... Re8 {[%emt 0:00:16] [#]} 10. f4 $146 (10. Nf3 $11) ({Predecessor:} 10. Nf3 d5 11. Bg5 Qb6 12. Bxf6 Bxf6 13. Re1 Rb8 14. Nbd2 Bg7 15. Qe3 Be6 16. e5 {0-1 Das,S (2459)-Fawzy,A (2490) Guwahati op 1st 2022 (9)}) 10... d6 $1 $15 11. Nf3 {[%emt 0:00:01] [#]} (11. Nxc6 $2 Qb6 12. Nxa7 Qxa7 $19) 11... c4 $1 {[%emt 0:00:01] White must now prevent ...cxd3.} 12. Nbd2 (12. d4 Rxe4) 12... cxd3 13. Qxd3 Qb6+ 14. Kh1 (14. Qd4 $17) 14... Ba6 $19 15. c4 {[%emt 0:00:07] [#]} d5 16. e5 $15 Ng4 17. Qe2 (17. b3 $15) 17... dxc4 {[%emt 0:00:02] Black is much more active.} (17... Ne3 $17 18. Re1 Nc2) 18. Nxc4 $11 Bxc4 19. Qxc4 Nf2+ 20. Rxf2 Qxf2 21. Bd2 Rad8 (21... Qb6 $5 ) 22. Bc3 Qc2 23. h3 (23. Qxc6 $11 Re6 24. Qc4) 23... Rd1+ $17 24. Rxd1 Qxd1+ 25. Kh2 Qd5 26. Qa4 Bh6 27. Kg3 Qd7 28. Bd4 Qf5 (28... Bf8 $17) 29. Be3 $1 $11 Qd7 30. a3 (30. Qxa7 Qxa7 31. Bxa7 Ra8 $17) (30. Bxa7 $2 Ra8 31. Qd4 Qxa7 $19) (30. Bd4 $1 $11 {remains equal.}) 30... Rb8 $36 {[%emt 0:00:02][%mdl 2048] Black has the initiative.} 31. b4 Rb7 32. Qc2 Qd5 33. Nd4 Rc7 34. Nb3 g5 35. fxg5 Bg7 (35... Qxe5+ $2 36. Bf4 Qe1+ 37. Qf2 (37. Kh2 Bxg5 38. Bg3 Qe7 $11) 37... Qc3+ 38. Qf3 Qxf3+ 39. gxf3 $18) 36. Nc5 (36. Kf2 $17) 36... Bxe5+ $19 37. Kf2 Re7 38. Ne4 Bd4 39. Nf6+ Bxf6 40. gxf6 Re4 41. Qc3 $2 (41. Qc5) 41... a6 {[%emt 0:00:02] Strongly threatening ...Rc4.} 42. Kg1 h5 43. Bf4 $2 (43. Bf2 Qd6 44. Qf3) 43... Qd4+ {[%emt 0:00:07] Weighted Error Value: White=0.32/Black=0.20 (precise)} ({Weaker is} 43... Rxf4 44. Qg3+ $11) ({And not} 43... Qd1+ 44. Kh2 Qd5 45. Qg3+ Kf8 46. Bb8 $17) 0-1

[Event "Superbet Blitz Poland 2023"]
[Site "Warsaw"]
[Date "2023.05.25"]
[Round "15"]
[White "Duda, Jan-Krzysztof"]
[Black "So, Wesley"]
[Result "1-0"]
[ECO "C65"]
[WhiteElo "2724"]
[BlackElo "2760"]
[Annotator "TA"]
[PlyCount "75"]
[EventDate "2023.05.24"]
[EventType "tourn"]
[EventCountry "POL"]
[SourceTitle "playchess.com"]
[Source "ChessBase"]
[SourceQuality "1"]
[TimeControl "300+2"]

1. e4 e5 2. Nf3 Nc6 3. Bb5 Nf6 4. d3 Bc5 5. Bxc6 dxc6 6. O-O {[%emt 0:00:02] C65: Ruy Lopez: Berlin Defence (3...Nf6), unusual lines and 4 0-0 Bc5.} Qd6 7. c3 {[%emt 0:00:03] Black must now prevent d4.} Bg4 8. h3 {[%emt 0:00:13] White has an edge.} Bxf3 9. Qxf3 O-O-O {[%emt 0:00:12] [#]} 10. Rd1 $146 ({Predecessor:} 10. Be3 Bxe3 11. Qxe3 Qxd3 12. Qxd3 Rxd3 13. Na3 Nxe4 14. Rad1 Rhd8 15. Rxd3 Rxd3 16. Re1 {0-1 Nee,L-Schinner,A Lueneburg distr-ch U12 2015 (5.7)}) 10... Qe6 11. b4 Be7 12. Nd2 (12. a4 $14) 12... h5 13. Nc4 g6 (13... Ne8 $14) 14. a4 $16 Nd7 15. Be3 Kb8 16. b5 Nb6 17. bxc6 ({White should play} 17. Nxb6 $16 {Strongly threatening Nc4.} cxb6 18. bxc6) 17... Nxc4 $11 18. dxc4 Rxd1+ 19. Rxd1 Rd8 (19... Qxc4 $11 20. cxb7 Kxb7) 20. Rxd8+ $16 {[%emt 0:00:44] Black is now going downhill.} Bxd8 {[%emt 0:00:01][%mdl 4096] Endgame KQB-KQB} 21. Qd1 $1 {[%emt 0:00:01] White is more active.} Be7 22. cxb7 Kxb7 (22... c6 $16 23. Qb3 c5) 23. Qd5+ $18 Qxd5 24. cxd5 {[%emt 0:00:01] KB-KB} Ka6 {[%emt 0:00:01] [#]} 25. Kf1 $1 f5 26. f3 fxe4 27. fxe4 Ka5 28. Bxa7 Kxa4 {[%emt 0:00:01] [#]} 29. Ke2 $1 Kb5 30. Kd3 Bc5 $2 (30... Bg5 $18 31. c4+ Ka6) 31. c4+ {[%emt 0:00:58][%cal Bc3c4,Bc4c5,Bc5c6][%mdl 32] White mates.} Kb4 32. Bxc5+ Kxc5 {[%emt 0:00:01] KP-KP} 33. h4 Kb4 34. g3 Ka5 35. c5 Kb5 36. c6 Kc5 37. Kc3 Kb5 38. Kb3 {[%emt 0:00:02] Weighted Error Value: White=0.09 (flawless) /Black=0.39} 1-0

[Event "Superbet Blitz Poland 2023"]
[Site "Warsaw"]
[Date "2023.05.25"]
[Round "16"]
[White "Carlsen, Magnus"]
[Black "Giri, Anish"]
[Result "1/2-1/2"]
[ECO "D14"]
[WhiteElo "2853"]
[BlackElo "2768"]
[Annotator "TA"]
[PlyCount "118"]
[EventDate "2023.05.24"]
[EventType "tourn"]
[EventCountry "POL"]
[SourceTitle "playchess.com"]
[Source "ChessBase"]
[SourceQuality "1"]
[TimeControl "300+2"]

1. d4 d5 2. c4 c6 3. Nf3 Nf6 4. cxd5 cxd5 5. Nc3 Nc6 6. Bf4 Bf5 7. e3 e6 8. Qb3 Bb4 9. Bb5 O-O 10. Bxc6 $1 {[%emt 0:00:01][%mdl 4] is recently more successful than 10.0-0.} Bxc3+ 11. Qxc3 Rc8 {[%emt 0:00:00][%mdl 64] Pin. D14: Slav Defence: Exchange variation with ...Bf5.} 12. Ne5 Ng4 13. Nxg4 {[%emt 0:00:06] Ne5 is the strong threat.} Bxg4 {[%emt 0:00:01] [#]} 14. Qb4 $1 Rxc6 {[%emt 0:00:02] Black is weak on the dark squares} 15. Qxb7 Qc8 ({Don't take} 15... Rb6 16. Qxa7 Rxb2 17. O-O $16) 16. Qxc8 Rfxc8 17. O-O a5 18. b3 h5 19. h4 f6 {[%emt 0:00:17] [#]} 20. Kh2 $146 ({Predecessor:} 20. Rfb1 Bf5 21. Rb2 Rc1+ 22. Rxc1 Rxc1+ 23. Kh2 Rc2 24. Rxc2 Bxc2 25. Bc7 Bb1 26. a3 {1-0 Krivonosov,O (2448)-Setkauskas,V (2159) Plunge op 31st 2011 (8)}) 20... Kh7 21. Kg3 (21. f3 $5 Bf5 $8 22. Rf2 $11) 21... Kg6 22. Rfe1 Bf5 23. Re2 Rc1 24. Re1 (24. Rxc1 $14 {should be considered.} Rxc1 25. Bd6) 24... R1c6 ({Black should play} 24... R1c2 $11) 25. Re2 $14 Rc1 26. Rxc1 Rxc1 {[%emt 0:00:00][%mdl 4096] Endgame KRB-KRB} 27. Bd6 Rc2 28. Rxc2 Bxc2 {[%emt 0:00:01] KB-KB} 29. Kf4 Bb1 30. a3 Bc2 31. b4 axb4 32. Bxb4 Kf7 33. f3 Ba4 34. e4 dxe4 35. fxe4 Bc6 36. g3 Ke8 37. e5 Kf7 38. Bc5 Kg6 39. Be7 Kf7 40. Bd8 Ba4 41. exf6 gxf6 42. g4 e5+ 43. dxe5 fxe5+ 44. Kg3 hxg4 45. h5 Ke6 {[%emt 0:00:12] [#]} (45... Bd1 $11) 46. h6 $1 $16 {[%emt 0:00:12][%cal Oh6h7] Intending h7! and mate.} Bc2 47. a4 (47. Kxg4 $16 {[%cal Oa3a4] Threatening a4!} Bf5+ 48. Kf3) 47... Kd7 (47... Kf7 $1 $11) 48. Bb6 Kc6 49. a5 Kb7 50. Kxg4 (50. Be3 {with more complications.} Ka6 51. Bd2 Bf5 52. Bb4) 50... Ka8 $2 (50... Ka6 $16 {was worth a try.}) 51. a6 $18 Kb8 52. Kg5 Ka8 53. Kf6 Kb8 54. Kxe5 Ka8 55. Kf6 Bd3 56. Kg7 Be4 {[%emt 0:00:01] [#]} 57. Ba7 $2 Kxa7 $11 {[%emt 0:00:01] The position is equal.} 58. h7 Bxh7 59. Kxh7 Kxa6 {Weighted Error Value: White=0.15 (very precise) /Black=0.21 (precise)} 1/2-1/2

[Event "Superbet Blitz Poland 2023"]
[Site "Warsaw"]
[Date "2023.05.25"]
[Round "16"]
[White "So, Wesley"]
[Black "Vachier-Lagrave, Maxime"]
[Result "1/2-1/2"]
[ECO "D85"]
[WhiteElo "2760"]
[BlackElo "2742"]
[Annotator "TA"]
[PlyCount "49"]
[EventDate "2023.05.24"]
[EventType "tourn"]
[EventCountry "POL"]
[SourceTitle "playchess.com"]
[Source "ChessBase"]
[SourceQuality "1"]
[TimeControl "300+2"]

1. d4 Nf6 2. c4 g6 3. Nc3 d5 4. cxd5 Nxd5 5. e4 Nxc3 6. bxc3 Bg7 7. Nf3 c5 8. Rb1 O-O 9. Be2 cxd4 10. cxd4 Qa5+ 11. Bd2 Qxa2 12. O-O Bg4 13. Rxb7 {[%emt 0:00:03] D85: Exchange Grünfeld: Unusual White 7th moves and lines with 7 Nf3.} Bxf3 {[%emt 0:00:02] The position is equal.} 14. Bxf3 {[%emt 0:00:02] [#] Black must now prevent e5.} Bxd4 15. e5 Na6 16. Rxe7 Rad8 {[%emt 0:00:03] Strongly threatening ...Bc5.} 17. e6 fxe6 18. Qe1 Nc5 19. Bc3 {[%emt 0:00:08] [#] Hoping for Bxd4.} Nd3 $5 $146 {[%emt 0:00:20][%mdl 8] New and interesting.} ({Predecessor:} 19... Qc4 20. Bxd4 Qxd4 21. Rxa7 e5 22. Qc1 Ne6 23. Rb7 e4 24. Bg4 Nc5 25. Rc7 Rxf2 26. Rxf2 {1-0 Matthiesen,M (2263)-Thogersen,R (2380) Aarhus-ch 2023 (2)}) 20. Bxd4 $1 {[%emt 0:00:01] This pair of bishops is nice.} Nxe1 21. Rg7+ Kh8 22. Rd7+ Kg8 (22... e5 $2 23. Bxe5+ $18) 23. Rg7+ Kh8 24. Rd7+ Kg8 (24... e5 $2 25. Bxe5+ $18) 25. Rg7+ {[%emt 0:00:01] Not much happened in this game. An exciting game.   Weighted Error Value: White=0.04 (flawless) /Black=0.00 (flawless)} 1/2-1/2

[Event "Superbet Blitz Poland 2023"]
[Site "Warsaw"]
[Date "2023.05.25"]
[Round "16"]
[White "Deac, Bogdan-Daniel"]
[Black "Duda, Jan-Krzysztof"]
[Result "0-1"]
[ECO "B10"]
[WhiteElo "2700"]
[BlackElo "2724"]
[Annotator "TA"]
[PlyCount "158"]
[EventDate "2023.05.24"]
[EventType "tourn"]
[EventCountry "POL"]
[SourceTitle "playchess.com"]
[Source "ChessBase"]
[SourceQuality "1"]
[TimeControl "300+2"]

1. e4 c6 2. Nf3 d5 3. d3 Qc7 4. exd5 cxd5 5. c4 Nf6 6. Nc3 {[%emt 0:00:01] B10: Caro-Kann: 2 d3 and 2 c4.} e6 7. a3 dxc4 $5 {[%emt 0:00:13][%mdl 4] Exploring less charted territory.} 8. dxc4 {[%emt 0:00:01] Black must now prevent Nb5. White is slightly better.} a6 {[%emt 0:00:02] Repels Nb5} 9. g3 (9. Be3 {with more complications.} Ng4 10. Bg5 Ne5 11. Bf4) 9... Bd6 {[%emt 0:00:02] Repels Bf4} 10. Bg2 b6 11. O-O Bb7 12. Qd3 Nc6 13. Be3 Rd8 {[%emt 0:00:50][%cal Od6g3] [#]} 14. Qe2 $146 ({Predecessor:} 14. Na4 Ne5 15. Qe2 Qxc4 16. Qxc4 Nxc4 17. Bxb6 Nxb6 18. Nxb6 O-O 19. b4 Rb8 20. Nc4 {1-0 Ponkratov,P (2624)-Murzin,V (2542) RUS-chT 29th 2022 (2.2)}) 14... Na5 15. Nd2 {[%emt 0:00:02][%cal Oc3d5] Nd5! is the strong threat.} Bxg2 16. Kxg2 O-O 17. Rac1 (17. b4 $5 Nc6 18. Na4 $11) 17... Bc5 18. Bg5 {[%emt 0:00:26] Threatens to win with b4.} Nc6 19. Bxf6 gxf6 20. Nf3 f5 21. Rfd1 Qb7 22. Kg1 Nd4 23. Nxd4 Bxd4 24. Nd5 Bg7 25. Nf4 Qe4 26. Re1 Qxe2 27. Rxe2 Rd4 28. c5 Rc8 29. b4 Bh6 30. Rc3 bxc5 (30... a5 $17 31. Rd3 bxc5 32. bxc5 Rc4) 31. bxc5 $15 Bxf4 32. gxf4 Rxf4 $17 {[%emt 0:00:01][%mdl 4096] Endgame KRR-KRR} 33. Rd2 {[%emt 0:00:03] [#]} (33. Rb2 $11 {keeps the balance.}) 33... Rc6 $1 {[%emt 0:00:04] White is on the road to losing.} 34. Rd7 Kg7 35. h3 Kf6 36. Kg2 Re4 37. Rd2 Re5 38. Rdc2 Rd5 39. Rc4 h5 40. h4 e5 41. a4 a5 42. f3 f4 43. R4c3 Rd4 44. Rb2 Rxa4 45. Rb7 (45. Rb6 Rxb6 46. cxb6) 45... Rb4 $19 46. Ra7 Rb5 47. Rd3 Rbxc5 48. Rdd7 Ke6 49. Re7+ Kd5 {[%emt 0:00:01] aiming for ...Kd4.} 50. Red7+ Rd6 51. Rxf7 Rg6+ 52. Kf2 Kc4 (52... Rc2+ $142 53. Kf1 Kd4) 53. Rfd7 Kb4 54. Rdb7+ Rb5 55. Rd7 Rc6 56. Rd2 Rc3 57. Rb2+ Rb3 58. Ra2 Ra3 59. Re2 Rc3 {[%emt 0:00:03] Hoping for ...Kb3.} 60. Rb2+ Rb3 $2 (60... Ka4 $19 61. Re2 Kb3) 61. Re2 $2 (61. Ra2 $1 $11 {and White is okay.} Ra3 62. Rb2+ Ka4 63. Rxb5 Kxb5 64. Re7) 61... Rb1 (61... Ka3 $142 {Strongly threatening ...Rb2.} 62. Re1 Rb2+ 63. Kg1 Ka2) 62. Rd7 $2 (62. Ra2) 62... a4 {[%emt 0:00:03] ( -> ...a3)} 63. Re4+ Ka3 64. Rd3+ R5b3 65. Rd5 R3b2+ 66. Re2 Rxe2+ (66... Kb4 $142 67. Rd8 a3 68. Rh8 a2 69. Rb8+ Kc3 70. Rc8+ Kd3 71. Rd8+ Kc4 72. Rc8+ Kd5 73. Rd8+ Kc6 74. Ra8 Rxe2+ 75. Kxe2 a1=Q 76. Rxa1 Rxa1 77. Kd2 Kc5 78. Ke2 Kc4 79. Kd2 Ra2+ 80. Kd1 Kd3 81. Ke1 Rg2 82. Kf1 Rg8 83. Ke1 Ke3 84. Kd1 Rc8 85. Ke1 Rc1#) 67. Kxe2 {[%emt 0:00:00] KR-KR} Kb3 68. Rxe5 a3 {[%emt 0:00:01] Black mates.} 69. Rb5+ Kc2 70. Rc5+ {[%emt 0:00:00] [#]} Kb2 $1 71. Rb5+ Ka1 72. Rxh5 a2 73. Kd3 Kb2 74. Rb5+ Kc1 75. Ra5 a1=Q ({Stronger than} 75... a1=B 76. h5 $11) 76. Rxa1 Rxa1 77. Ke4 Ra4+ 78. Kf5 Kd2 79. h5 Ke3 {[%emt 0:00:01] Weighted Error Value: White=0.42/Black=0.08 (flawless)} 0-1